 Dungeon Sprint DCSS version 0.30-a0-469-g84de5afbc5 (webtiles) character file.

Game seed: 18159232449324291962

1000000 NinjaNoafa the Ducker (level 1, -8/18 HPs)
             Began as a Djinni Gladiator on Dec 19, 2022.
             Was a Follower of Makhleb.
             Mangled by a meat berserker
             ... wielding a +9 battleaxe
              (26 damage)
             ... in the Dungeon (Sprint VIII: "Arena of Blood").
             The game lasted 00:00:06 (10 turns).

NinjaNoafa the Ducker (Djinni Gladiator)              Turns: 10, Time: 00:00:07

Health: -8/18      AC:  4    Str: 13    XL:     1   Next: 0%
Gold:   0          EV: 12    Int:  9    God:    Makhleb [*.....] SH:  0 Dex: 14

rFire   + + .      SeeInvis .    k - +∞ Axe of Woe
rCold   x . .      Faith    .    (shield currently unavailable)
rNeg    . . .      Spirit   .    b - +0 leather armour
rPois   ∞          Reflect  .    c - +0 helmet
rElec   .          Harm     .    (no cloak)
rCorr   .          Rampage  .    (no gloves)
Will    .....      NoTele   +    (boots unavailable)
Stlth   +.........               (no amulet)
HPRegen 0.23/turn                (no ring)
MPRegen 0.00/turn                (no ring)

@: flying
A: sickness immunity, fire resistance 2, cold vulnerability 1, float, innate
caster, HP casting, extra vitality 1
a: Renounce Religion


You were in the Dungeon.
You worshipped Makhleb.
Makhleb was aware of your devotion.
You visited 1 branch

Inventory:

Hand Weapons
 k - the +∞ Axe of Woe (weapon)
   (You found it in the Dungeon)
Missiles
 d - 3 throwing nets (quivered)
 e - a javelin
Armour
 b - a +0 leather armour (worn)
 c - a +0 helmet (worn)
Scrolls
 j - a scroll of blinking
Potions
 f - a potion of curing
 g - a potion of heal wounds
 h - a potion of haste
 i - a potion of berserk rage


   Skills:
 + Level 2.0 Fighting
 + Level 2.4 Axes
 + Level 1.5 Throwing
 + Level 3.2 Dodging


You couldn't memorise any spells.
You didn't know any spells.
Your spell library was empty.

Dungeon Overview and Level Annotations

Branches:
Dungeon (1/1)

Altars:
Makhleb


Innate Abilities, Weirdness & Mutations

You are immune to sickness and miasma.
You are immune to poison.
Your flesh is very heat resistant. (rF++)
You are vulnerable to cold. (rC-)
You float through the air rather than walking.
You learn spells naturally, not from books.
Your magical power is your life essence.
You have superior vitality. (+4 MHP)


Message History

------------------------------------------------------------------------------ ------------------------------------------------------------------------------ -- -- -- The Arena Of Blood -- -- -- -- -- -- -- -- You descend into the pit of gibs and meat, -- -- The sunken abyss of the depraved, -- -- The mill of turgid gutspawn. -- -- The writhen instruments serve in adoration, -- -- Immured beneath a rotten throne. -- -- -- -- Before you lies the servitor of chaos, -- -- The cleaver, -- -- The blasphemer, -- -- The destroyer, -- -- The Axe of Woe. -- -- -- -- Vessel of Makhleb, -- -- You are the unmaker, -- -- You bring the rapture, -- -- The murmurs of the thralls rise... -- -- The theatre of blood begins. -- -- -- ------------------------------------------------------------------------------ ------------------------------------------------------------------------------ Welcome, NinjaNoafa the Djinni Gladiator.
Press ? for a list of commands and other information.
Found the +∞ Axe of Woe.
Found four burning altars of Makhleb.
Found a staircase leading out of the dungeon.
k - the +∞ Axe of Woe
k - the +∞ Axe of Woe (weapon)
You hear a shout! x8
You hear a shout! x7
There is a burning altar of Makhleb here.
You hover solemnly before the altar of Makhleb.
Makhleb welcomes you!
You hear a shout! x10
Unknown command.
Press < or > to pray at altars.
You drop a +0 war axe.
You hear a shout! x4
You hear a shout! x9
A meat berserker comes into view. It is wielding a +9 battleaxe.
The meat berserker shouts!
You hear a shout! x8 4 bags of meat come into view.
The bag of meat shouts! x3; You hear a shout! x12
You hear a shout! x10
You hit the bag of meat but do no damage.
You chop the bag of meat into pieces.
You kill the bag of meat!
Makhleb accepts your kill.
You hit the bag of meat.
You fatally mangle the bag of meat.
You kill the bag of meat!
Makhleb accepts your kill.
You can now gain health from killing.
You hear a shout! x11
A bag of meat comes into view. It is wielding a +9 war axe.
You hear a shout! x3
The meat berserker hits you with a +9 battleaxe!!
Ouch! That really hurt!
You die...

......... ...
........... ...
.....o... ....
#.......# .#...
#.......#
.....###..o. ..###.
..........###......
..#.....O.._.......
#.....)@#.....#....
......).#_.<._# .
#...o...#.....#
..#........_.....
..........###......
.....###... ..###.
..... #... ..#
..... #... ..# ..
..


You could see a meat berserker (berserk) and 3 bags of meat.

Vanquished Creatures
  2 orcs (D)
2 creatures vanquished.

Notes
Turn   | Place    | Note
-------+----------+-------------------------------------------
     0 | D        | Found the +∞ Axe of Woe
     0 | D        | NinjaNoafa the Djinni Gladiator began the quest for the
                  | Orb.
     0 | D        | Reached XP level 1. HP: 18/18 MP: 0/0
     4 | D        | Became a worshipper of Makhleb the Destroyer
     7 | D        | Noticed a meat berserker
     8 | D        | Noticed a bag of meat
     8 | D        | Noticed a bag of meat
     8 | D        | Noticed a bag of meat
     8 | D        | Noticed a bag of meat
    10 | D        | Killed a bag of meat
    10 | D        | Killed a bag of meat
    10 | D        | Reached * piety under Makhleb
    10 | D        | Noticed a bag of meat
    10 | D        | Mangled by a meat berserker

Illustrated notes

Levels and vault maps discovered:
D:        meatsprint

Action                   || total
-------------------------++-------
Melee: Executioner's axe ||     1

Table legend: (Time is in decaauts)
 A = Elapsed time spent in this place.
 B = Non-inter-level travel time spent in this place.
 C = Inter-level travel time spent in this place.
 D = Time resting spent in this place.
 E = Time spent auto-exploring this place.
 F = Levels seen in this place.
 G = Mean time per level.
                   A        B        C        D        E       F      G
               +--------+--------+--------+--------+--------+-----+--------+
         Total |      9 |      9 |      0 |      0 |      0 |   1 |    9.0 |
       Dungeon |      9 |      9 |      0 |      0 |      0 |   1 |    9.0 |
               +--------+--------+--------+--------+--------+-----+--------+

Top non-repeatable levels by time:
       D: 9 daAuts
